 Dungeon Sprint DCSS version 0.31-a0-986-g5e6e4ef867 (webtiles) character file.

Game seed: 4098699557367330729

753 sircluck the Grappler (level 7, -4/121 HPs)
             Began as a Troll Berserker on Nov 18, 2023.
             Was an Elder of Trog.
             Slain by a killer bee (5 damage)
             ... in the Dungeon (Sprint IV: "Fedhas' Mad Dash").
             The game lasted 00:02:12 (333 turns).

sircluck the Grappler (Troll Berserker)              Turns: 333, Time: 00:02:14

Health: -4/121     AC:  4    Str: 28    XL:     7   Next: 49%
Magic:  6/6        EV: 12    Int:  3    God:    Trog [****..]
Gold:   9          SH:  0    Dex:  9    Spells: 6/6 levels left

rFire   . .          .
                       - Unarmed
rCold   . . .        (no shield)
rNeg    . . .        a - +0 animal skin
rPois   .            (helmet restricted)
rElec   .            (no cloak)
rCorr   .            (gloves unavailable)
SInv    .            (boots unavailable)
Will    .....        h - amulet of invisibility {+Inv} Stlth
                     (no ring)
HPRegen 1.20/turn    (no ring)
MPRegen 0.10/turn

%: no teleportation
@: berserking, lethally poisoned (-4 -> -5), very quick
A: large, unfitting armour, claws 3, regeneration 1, shaggy fur 1, tough skin 1
a: Renounce Religion, Evoke Invisibility, Berserk, Trog's Hand, Brothers in Arms


You were in the Dungeon.
You worshipped Trog.
Trog was greatly pleased with you.
You visited 1 branch You collected 114 gold pieces.
You spent 105 gold pieces at shops.

Inventory:

Armour
 a - a +0 animal skin (worn)
Jewellery
 h - the amulet of invisibility (around neck) {+Inv}
   (You found it in the Dungeon)

   [amulet of nothing]

   +Inv:      It lets you turn invisible.
Scrolls
 k - a scroll of revelation
Potions
 d - a potion of haste
 e - 2 potions of magic
 f - a potion of berserk rage
 i - a potion of degeneration {unknown}
 j - a potion of brilliance {unknown}


   Skills:
 + Level 8.5 Fighting
 + Level 8.4 Dodging
 + Level 10.0 Unarmed Combat


You had 6 spell levels left.
You didn't know any spells.
Your spell library was empty.

Dungeon Overview and Level Annotations

Branches:
Dungeon (1/1)

Altars:
Cheibriados
Dithmenos
Elyvilon
Gozag
Hepliaklqana
Kikubaaqudgha
Makhleb
Nemelex Xobeh
Okawaru
Qazlal
Ru
Sif Muna
Trog
Uskayaw
Vehumet
Wu Jian
Xom
Yredelemnul
Zin
The Shining One
Jiyva
Lugonu

Shops:
D ?![*


Innate Abilities, Weirdness & Mutations

You are too large for most types of armour.
You have claws for hands.
Your natural rate of healing is unusually fast.
You are covered in fur. (AC +1)
You have tough skin. (AC +1)


Message History

Unknown command.
You feel sick.
The killer bee stings you but does no damage.
The killer bee barely misses you. The killer bee closely misses you.
There is a viscous altar of Jiyva here.
A red film seems to cover your vision as you go berserk!
You feel yourself moving faster!
You feel mighty!
You feel sick.
The killer bee stings you but does no damage. x2
The killer bee barely misses you. The killer bee stings you.
* * * LOW HITPOINT WARNING * * *
The killer bee closely misses you. The killer bee barely misses you.
You barely miss the killer bee.
You feel sick.
You are no longer poisoned.
The killer bee stings you.
* * * LOW HITPOINT WARNING * * *
The killer bee closely misses you. The killer bee barely misses you.
You closely miss the killer bee. The killer bee barely misses you.
The killer bee misses you. The killer bee stings you!
* * * LOW HITPOINT WARNING * * *
The killer bee misses you.
You closely miss the killer bee. The killer bee stings you.
* * * LOW HITPOINT WARNING * * *
The killer bee stings you.
* * * LOW HITPOINT WARNING * * *
The killer bee stings you but does no damage.
The killer bee stings you.
* * * LOW HITPOINT WARNING * * *
Unknown command.
Press < or > to pray at altars.
Unknown command.
Press < or > to pray at altars.
Unknown command.
Press < or > to pray at altars.
You mangle the killer bee!!
The killer bee is severely wounded.
The killer bee stings you!
* * * LOW HITPOINT WARNING * * *
You are lethally poisoned!
The killer bee poisons you! The killer bee stings you.
You die...

#################################
...#.....#.⌠._.y._._.⌠.#..')..#..
...'.#[[.'y._._y@._._..'..#†..#..
...#.#y§.#y.._.y._._...#..###†##.
#######§##.._._._._._..#.:##∩∩.'.
...yy'yyy#._._._._._.⌠.##########
.....#...###############
.♣..###### #####


You could see a queen bee and 4 killer bees.

Vanquished Creatures
  A burning bush (D)
  2 wandering mushrooms (D)
  3 scorpions (D)
  4 oklob saplings (D)
  2 spriggans (D)
  A river rat (D)
  A rat (D)
14 creatures vanquished.

Notes
Turn   | Place    | Note
-------+----------+-------------------------------------------
     0 | D        | sircluck the Troll Berserker began the quest for the Orb.
     0 | D        | Reached XP level 1. HP: 22/22 MP: 0/0
    10 | D        | Reached XP level 2. HP: 14/31 MP: 1/1
    18 | D        | Noticed an oklob sapling
    22 | D        | Killed an oklob sapling
    22 | D        | Reached ** piety under Trog
    23 | D        | Reached skill level 4 in Unarmed Combat
    23 | D        | Reached XP level 3. HP: 20/39 MP: 2/2
    42 | D        | Noticed a scorpion
    42 | D        | Found the amulet of invisibility {+Inv}
    46 | D        | Killed a scorpion
    47 | D        | Reached skill level 5 in Unarmed Combat
    47 | D        | Reached XP level 4. HP: 49/49 MP: 3/3
    64 | D        | Reached skill level 5 in Fighting
    64 | D        | Reached skill level 5 in Dodging
    64 | D        | Reached skill level 6 in Unarmed Combat
    86 | D        | Found an opulent altar of Gozag.
    86 | D        | Found a hazy altar of Hepliaklqana.
    86 | D        | Found a burning altar of Makhleb.
    86 | D        | Found a sparkling altar of Nemelex Xobeh.
    86 | D        | Found a snail-covered altar of Cheibriados.
    86 | D        | Found a sacrificial altar of Ru.
    86 | D        | Found a shimmering blue altar of Sif Muna.
    86 | D        | Found a shimmering altar of Xom.
    86 | D        | Found a basalt altar of Yredelemnul.
    94 | D        | Found an ornate altar of the Wu Jian Council.
    96 | D        | Found a viscous altar of Jiyva.
    96 | D        | Found a bloodstained altar of Trog.
    97 | D        | Found an iron altar of Okawaru.
    97 | D        | Found a glowing silver altar of Zin.
    97 | D        | Found a shadowy altar of Dithmenos.
    98 | D        | Found a hide-covered altar of Uskayaw.
    98 | D        | Found an ancient bone altar of Kikubaaqudgha.
    99 | D        | Found a stormy altar of Qazlal.
    99 | D        | Found a glowing golden altar of the Shining One.
    99 | D        | Found a white marble altar of Elyvilon.
   100 | D        | Found a radiant altar of Vehumet.
   100 | D        | Found a corrupted altar of Lugonu.
   105 | D        | Reached XP level 5. HP: 59/59 MP: 4/4
   117 | D        | Reached *** piety under Trog
   118 | D        | Reached skill level 7 in Unarmed Combat
   132 | D        | Reached **** piety under Trog
   133 | D        | Reached skill level 8 in Unarmed Combat
   133 | D        | Reached XP level 6. HP: 68/68 MP: 5/5
   140 | D        | Found Piec's Distillery.
   140 | D        | Found Bena's Magic Scroll Emporium.
   166 | D        | Noticed a burning bush
   166 | D        | Noticed a wandering mushroom
   167 | D        | Noticed a wandering mushroom
   204 | D        | Killed a wandering mushroom
   205 | D        | Reached skill level 9 in Unarmed Combat
   231 | D        | Reached XP level 7. HP: 61/79 MP: 6/6
   253 | D        | Killed a burning bush
   254 | D        | Reached skill level 10 in Unarmed Combat
   257 | D        | Found Gokk's General Store.
   257 | D        | Found Ihung's Antique Armour Shoppe.
   268 | D        | Bought a scroll of revelation for 105 gold pieces
   308 | D        | Noticed a queen bee
   322 | D        | HP: 1/81 [poisoned by a killer bee]
   333 | D        | HP: 1/121 [killer bee (11)]
   333 | D        | Slain by a killer bee

Illustrated notes

Levels and vault maps discovered:
D:        dungeon_sprint_fedhas [sprint_temple]

Skill      XL: |  1  2  3  4  5  6  7 |
---------------+----------------------+-----
Fighting       | 3 4 5 6 7 8 |  8.5
Dodging        | 3 4 5 6 7 8 |  8.4
Unarmed Combat | 4 5 6 8 9 10 | 10.0

Action                     |  1- 3 |  4- 6 |  7- 9 || total
---------------------------+-------+-------+-------++-------
  Melee: Unarmed           |    11 |    19 |    13 ||    43
         Punch             |       |     2 |     2 ||     4
 Invoke: Berserk           |       |     1 |     1 ||     2
         Brothers in Arms  |       |       |     1 ||     1
Ability: Evoke Invisibilit |       |     1 |       ||     1
    Use: Potion            |       |       |     2 ||     2
         Scroll            |       |       |     1 ||     1
 Armour: Animal skin       |     7 |    15 |    27 ||    49
  Dodge: Dodged            |     4 |    10 |    24 ||    38

Table legend: (Time is in decaauts)
 A = Elapsed time spent in this place.
 B = Non-inter-level travel time spent in this place.
 C = Inter-level travel time spent in this place.
 D = Time resting spent in this place.
 E = Time spent auto-exploring this place.
 F = Levels seen in this place.
 G = Mean time per level.
                   A        B        C        D        E       F      G
               +--------+--------+--------+--------+--------+-----+--------+
         Total |    336 |    303 |     33 |     63 |     38 |   1 |  336.0 |
       Dungeon |    336 |    303 |     33 |     63 |     38 |   1 |  336.0 |
               +--------+--------+--------+--------+--------+-----+--------+

Top non-repeatable levels by time:
       D: 336 daAuts
